 Dungeon Crawl Stone Soup version 0.29.1-2-gbd0b4ee654 (webtiles) character file.

Game seed: 2541218430681524297

9268 DemonSlayer the Thaumaturge (level 11, -1/75 HPs)
             Began as a Demonspawn Fire Elementalist on Nov 19, 2022.
             Was a Believer of Cheibriados.
             Slain by a cane toad (15 damage)
             ... on level 2 of the Lair of Beasts.
             The game lasted 00:34:36 (15609 turns).

DemonSlayer the Thaumaturge (DsFE)                 Turns: 15609, Time: 00:34:37

Health: -1/75      AC: 20    Str: 17    XL:     11   Next: 20%
Magic:  0/24       EV: 15    Int: 20    God:    Cheibriados [**....]
Gold:   1650       SH:  0    Dex: 23    Spells: 12/29 levels left

rFire   + . .      SeeInvis .   z - +2 arbalest (freeze)
rCold   + + +      Faith    .   (shield currently unavailable)
rNeg    . . .      Spirit   +   u - +7 chain mail of Lubad {rC+++ Dex+5 Stlth-}
rPois   .          Reflect  .   C - +0 helmet
rElec   .          Harm     .   (cloak unavailable)
rCorr   .          Rampage  .   n - +1 pair of gloves of the Twelve Queens {rC+}
Will    .....                   t - +0 pair of boots
Stlth   ..........              h - amulet of the acrobat
HPRegen 0.22/turn               y - ring of protection from fire
MPRegen 0.38/turn               k - +4 ring of evasion

@: invisible, very slow
A: repulsion field 1, magic shield, magic regeneration, weakness stinger 3
a: Renounce Religion, Bend Time


You were on level 2 of the Lair of Beasts.
You worshipped Cheibriados.
Cheibriados was pleased with you.
You visited 3 branches of the dungeon, and saw 13 of its levels.

You collected 1825 gold pieces.
You spent 175 gold pieces at shops.

Inventory:

Hand Weapons
 z - a +2 arbalest of freezing (weapon)
Armour
 d - a +0 troll leather armour
 n - the +1 pair of gloves of the Twelve Queens (worn) {rC+}
   (You found it on level 3 of the Dungeon)

   rC:        It protects you from cold.
 t - a +0 pair of boots (worn)
 u - the +7 chain mail of Lubad (worn) {rC+++ Dex+5 Stlth-}
   (You found it on level 10 of the Dungeon)

   Dex:       It affects your dexterity (+5).
   rC:        It renders you almost immune to cold.
   Stlth:     It makes you less stealthy.
 C - a +0 helmet (worn)
 D - a +1 pair of gloves of dexterity
Jewellery
 h - an amulet of the acrobat (around neck)
 k - a +4 ring of evasion (right hand)
 y - a ring of protection from fire (left hand)
 A - a ring of poison resistance
Wands
 m - a wand of flame (51)
 s - a wand of charming (22)
Scrolls
 e - a scroll of identify
 j - 8 scrolls of amnesia
 p - a scroll of noise
 r - a scroll of enchant weapon
 B - 4 scrolls of immolation
Potions
 a - 2 potions of mutation {unknown}
 c - 2 potions of berserk rage
 f - 2 potions of brilliance
 g - 4 potions of curing
 i - a potion of invisibility
 l - a potion of magic
 o - 4 potions of lignification
 q - a potion of flight
 w - 2 potions of attraction {unknown}
 E - a potion of might
 F - 2 potions of degeneration {unknown}


   Skills:
 + Level 3.6 Fighting
 + Level 1.3 Maces & Flails
 + Level 6.6 Ranged Weapons
 + Level 0.1 Throwing
 + Level 2.9 Armour
 + Level 3.6 Dodging
 + Level 3.2 Stealth
 + Level 9.5 Spellcasting
 + Level 2.9 Conjurations
 + Level 0.1 Hexes
 + Level 9.1 Fire Magic
 + Level 2.2 Evocations


You had 12 spell levels left.
You knew the following spells:

 Your Spells              Type           Power      Damage    Failure   Level
a - Foxfire               Conj/Fire      100%       2x1d9     10%         1
b - Scorch                Fire           92%        2d9       3%          2
c - Conjure Flame         Conj/Fire      33%        6-21      28%         3
d - Flame Wave            Conj/Fire      33%        2d10      67%         4
e - Confusing Touch       Hex            10%        N/A       97%         3
f - Hailstorm             Conj/Ice       15%        3d5       99%         4

Your spell library contained the following spells:

 Spells                   Type           Power      Damage    Failure   Level
 Inner Flame              Hex/Fire       28%        N/A       43%         3
 Poisonous Vapours        Pois/Air       18%        N/A       86%         2
 Animate Armour           Summ/Erth      18%        N/A       100%        4
 Corpse Rot               Necr/Pois/Air  9%         N/A       100%        4
 Ice Form                 Ice/Tmut       9%         N/A       100%        4
 Blade Hands              Tmut           4%         N/A       100%        5
 Yara's Violent Unravell  Hex/Tmut       4%         3d4       100%        5
 Iron Shot                Conj/Erth      7%         9d2       100%        6
 Simulacrum               Ice/Necr       4%         N/A       100%        6
 Enfeeble                 Hex            5%         N/A       100%        7


Dungeon Overview and Level Annotations

Branches:
Dungeon (10/15)            Temple (1/1) D:7            Lair (2/5) D:10
  Swamp: Lair:2-3    Shoals: Lair:2-3     Snake: Lair:2-3    Spider: Lair:2-3
    Orc: D:9-12

Altars:
Ashenzari
Cheibriados
Fedhas
Hepliaklqana
Kikubaaqudgha
Qazlal
Ru
Sif Muna
Trog
Uskayaw
Vehumet
Xom
Yredelemnul

Shops:
D:2 ?   D:8 (


Innate Abilities, Weirdness & Mutations

You are surrounded by a mild repulsion field. (EV +2)
When hurt, damage is shared between your health and your magic reserves.
You regenerate magic rapidly.
You have a sharp stinger which inflicts weakening toxins.


Message History

The polar bear's fire resistance burns away.
You feel sick. The black mamba completely misses you. The cane toad misses you.
The bullfrog hits you.
The polar bear bites you but does no damage.
The polar bear closely misses you. x2; The cane toad barely misses you.
The black mamba misses you. The cane toad completely misses you.
Casting: Scorch (safe; 3% risk of failure)
Confirm with . or Enter, or press ? or * to list all spells.
Flames lash the polar bear.
The polar bear is burned terribly!
The polar bear is heavily wounded.
Your surroundings suddenly seem different.
A black mamba and a cane toad come into view.
Found 16 gold pieces and a mace.
You feel sick.
The black mamba hisses angrily.
The cane toad croaks.
Casting: Scorch (safe; 3% risk of failure)
Confirm with . or Enter, or press ? or * to list all spells.
Flames lash the black mamba.
The black mamba is lightly wounded.
The black mamba's fire resistance burns away.
You feel sick.
Casting: Scorch (safe; 3% risk of failure)
Confirm with . or Enter, or press ? or * to list all spells.
Flames lash the black mamba.
The black mamba is burned terribly!
The black mamba is moderately wounded.
You feel sick. The black mamba closely misses you.
The cane toad closely misses you. The black mamba bites you!
* * * LOW HITPOINT WARNING * * *
You are lethally poisoned!
The black mamba poisons you!
You feel better. The black mamba barely misses you. The cane toad stings you!
* * * LOW HITPOINT WARNING * * *
You are lethally poisoned!
The cane toad poisons you!
You feel better. The black mamba bites you.
* * * LOW HITPOINT WARNING * * *
The cane toad closely misses you. The black mamba closely misses you.
You fade into invisibility!
The black mamba bites you but does no damage.
The cane toad stings you!
You die...

...........
..........
..........
........#
....... .#.
#....
.....##..#
$.....F@.#
..#..##S.#
..) ##.# #
.# .. ...
#.# #.


You could see a black mamba (unable to see you, combustible) and a cane toad
(unable to see you).

Vanquished Creatures
  A two-headed ogre (D:10)
  Pikel (D:7)
  Joseph (D:7)
  2 unseen horrors
  3 cane toads (Lair:1)
  A komodo dragon (Lair:1)
  A troll (D:10)
  A hornet (D:9)
  Sigmund (D:4)
  A shadow (D:6)
  3 wyverns
  A wraith (D:9)
  A basilisk (D:9)
  8 yaks
  2 steam dragons
  Duvessa (D:6)
  An acid dragon (D:9)
  2 water moccasins (D:6)
  2 orc warriors
  2 ice beasts
  A black bear (D:5)
  2 ogres
  3 centaurs
  2 lemures (D:7)
  A kobold brigand (D:8)
  5 bullfrogs
  A scorpion (D:6)
  A gnoll sergeant (D:8)
  3 necrophages
  4 wights (D:8)
  Dowan (D:6)
  6 howler monkeys
  2 jellies
  3 orc priests
  3 hounds
  6 iguanas
  11 orc wizards
  4 gnolls
  8 adders
  2 river rats (D:5)
  A shadow imp (D:8)
  A white imp (D:5)
  An ufetubus (D:6)
  A dart slug (D:5)
  48 orcs
  12 ball pythons
  8 endoplasms
  5 giant cockroaches
  10 goblins
  9 hobgoblins
  8 jackals
  3 quokkas
  3 bats
  3 frilled lizards
  14 kobolds
  5 rats
237 creatures vanquished.

Vanquished Creatures (collateral kills)
  A butterfly (Lair:1)
1 creature vanquished.

Vanquished Creatures (others)
  182 foxfires
  A plant (D:2)
183 creatures vanquished.

Grand Total: 421 creatures vanquished

Notes
Turn   | Place    | Note
-------+----------+-------------------------------------------
     0 | D:1      | DemonSlayer the Demonspawn Fire Elementalist began the
                  | quest for the Orb.
     0 | D:1      | Reached XP level 1. HP: 13/13 MP: 3/3
   541 | D:1      | Gained mutation: You have a small tail. [demonic ancestry]
   541 | D:1      | Reached XP level 2. HP: 15/19 MP: 5/5
   544 | D:1      | Learned a level 2 spell: Scorch
  1380 | D:1      | Found a faded altar of an unknown god.
  1947 | D:2      | Gained mutation: You have a tail ending in a sharp stinger.
                  | [demonic ancestry]
  1947 | D:2      | Reached XP level 3. HP: 20/24 MP: 3/6
  1980 | D:2      | Found a shimmering altar of Xom.
  2501 | D:2      | Found Huexeuguo's Magic Scroll Shoppe.
  2508 | D:2      | Bought a scroll of fear for 40 gold pieces
  2508 | D:2      | Bought a scroll of enchant weapon for 75 gold pieces
  2508 | D:2      | Bought a scroll of identify for 20 gold pieces
  3176 | D:2      | Gained mutation: You have a sharp stinger which inflicts
                  | weakening toxins. [demonic ancestry]
  3176 | D:2      | Reached XP level 4. HP: 30/30 MP: 0/7
  3399 | D:2      | Learned a level 3 spell: Conjure Flame
  3413 | D:3      | Reached skill level 1 in Maces & Flails
  3421 | D:3      | HP: 1/30 [frilled lizard (2)]
  4120 | D:3      | Reached XP level 5. HP: 32/35 MP: 2/9
  4126 | D:3      | Identified the +1 pair of gloves of the Twelve Queens {rC+}
  4546 | D:2      | Bought a scroll of identify for 20 gold pieces
  4546 | D:2      | Bought a scroll of identify for 20 gold pieces
  5028 | D:4      | Noticed an ogre
  5041 | D:4      | Killed an ogre
  5042 | D:4      | Reached XP level 6. HP: 42/42 MP: 1/11
  5381 | D:4      | Noticed Sigmund
  5395 | D:4      | Killed Sigmund
  5396 | D:4      | Gained mutation: You regenerate magic rapidly. [demonic
                  | ancestry]
  5396 | D:4      | Reached XP level 7. HP: 42/47 MP: 2/13
  5475 | D:4      | Learned a level 4 spell: Flame Wave
  5492 | D:5      | Entered Level 5 of the Dungeon
  5495 | D:5      | Reached skill level 1 in Armour
  5511 | D:5      | Reached skill level 5 in Fire Magic
  5774 | D:5      | Reached skill level 1 in Fighting
  6562 | D:5      | Reached skill level 5 in Spellcasting
  6747 | D:6      | Found a basalt altar of Yredelemnul.
  6854 | D:6      | Reached XP level 8. HP: 24/54 MP: 12/15
  7107 | D:6      | Reached skill level 1 in Ranged Weapons
  7180 | D:6      | Found a hide-covered altar of Uskayaw.
  7654 | D:6      | Noticed Dowan
  7656 | D:6      | Noticed Duvessa
  7664 | D:6      | Killed Dowan
  7668 | D:6      | Killed Duvessa
  7935 | D:6      | Killed an unseen horror
  7936 | D:6      | Gained mutation: When hurt, damage is shared between your
                  | health and your magic reserves. [demonic ancestry]
  7936 | D:6      | Reached XP level 9. HP: 52/62 MP: 9/18
  8505 | D:7      | Noticed Pikel
  8525 | D:7      | Killed Pikel
  8788 | D:7      | Noticed Joseph
  8797 | D:7      | Killed Joseph
  8798 | D:7      | Reached skill level 1 in Evocations
  9120 | D:7      | Found a staircase to the Ecumenical Temple.
  9565 | Temple   | Entered the Ecumenical Temple
  9576 | Temple   | Became a worshipper of Cheibriados the Contemplative
  9829 | D:7      | Learned a level 3 spell: Confusing Touch
  9872 | D:8      | Reached XP level 10. HP: 69/70 MP: 2/21
 10414 | D:8      | You fall into a shaft and drop 1 floor!
 10459 | D:9      | Reached * piety under Cheibriados
 10581 | D:8      | Found Hizoicle's Antique Weapon Shoppe.
 11862 | D:9      | Reached skill level 5 in Ranged Weapons
 12097 | D:9      | Noticed a boulder beetle
 12800 | D:9      | Reached ** piety under Cheibriados
 13466 | D:9      | Found a shimmering blue altar of Sif Muna.
 13468 | D:9      | Found an ancient bone altar of Kikubaaqudgha.
 13470 | D:9      | Found a broken altar of Ashenzari.
 13473 | D:9      | Found a radiant altar of Vehumet.
 14275 | D:10     | Entered Level 10 of the Dungeon
 14376 | D:10     | Noticed a two-headed ogre
 14380 | D:10     | Killed a two-headed ogre
 14496 | D:10     | Identified the +7 chain mail of Lubad {rC+++ Dex+5 Stlth-}
 14516 | D:10     | Identified the +1 sling of Ypuadd {vorpal, rElec rPois
                  | Int-2 SInv}
 14670 | D:10     | Gained mutation: You are surrounded by a mild repulsion
                  | field. (EV +2) [demonic ancestry]
 14670 | D:10     | Reached XP level 11. HP: 70/75 MP: 15/24
 14734 | D:10     | Found a staircase to the Lair.
 14979 | Lair:1   | Entered Level 1 of the Lair of Beasts
 15276 | Lair:1   | Identified a scroll of acquirement
 15276 | Lair:1   | Acquired 961 gold pieces
 15560 | Lair:1   | Learned a level 4 spell: Hailstorm
 15609 | Lair:2   | Slain by a cane toad

Illustrated notes

Levels and vault maps discovered:
D:1:      noname_arrival_rooms_in_the_neighbourhood, layout_basic,
          shapermc_ecumenical_altar_notcrosses
D:2:      minmay_recursive_quarters, layout_loops_ring, serial_shops, shop,
          basic_altar, serial_bayou_pond_d
D:3:      layout_rooms, serial_glass, glass_columns_a, glass_columns_a,
          glass_columns_a, glass_columns_a, glass_columns_b, glass_columns_c,
          glass_columns_c, glass_columns_b, glass_columns_a, glass_columns_a
D:4:      layout_rooms, kennysheep_generic_room_14, uniq_sigmund
D:5:      layout_rooms, portal_sewer_entry_e
D:6:      cheibrodos_fzero, layout_loops_ring, lemuel_round_altar,
          lemuel_round_altar, uniq_duvessa
D:7:      layout_basic, minmay_temple_entry_junction, uniq_pikel, uniq_joseph
D:8:      layout_loops_ring, serial_shops, shop_coins
D:9:      layout_cave_pods, minitemple, minmay_bent
D:10:     layout_roguey, lair_entry_dummy, mrwooster_statue_mirror
Temple:   eino_temple_scatter_basement
Lair:1:   layout_hall_layers, lemuel_fruit_tree, serial_bayou_shore_b,
          lemuel_fruit_fields, grunt_megastairs_3
Lair:2:   nzn_winding_woodlands_small [nzn_winding_woodlands_5x15_sawtooth,
          nzn_winding_woodlands_center_diamonds,
          nzn_winding_woodlands_5x15_eye], layout_cave_shapes,
          grunt_forest_small_clearing_treed, uniq_erica

Skill      XL: |  1  2  3  4  5  6  7  8  9 10 11 |
---------------+----------------------------------+-----
Dodging        | 2 3 |  3.6
Stealth        | 2 3 |  3.2
Fire Magic     | 3 4 6 7 8 9 |  9.1
Maces & Flails | 1 |  1.3
Conjurations   | 2 |  2.9
Spellcasting   | 3 4 5 6 7 9 |  9.5
Armour         | 1 2 |  2.9
Fighting       | 1 2 3 |  3.6
Ranged Weapons | 3 4 6 |  6.6
Evocations     | 1 2 |  2.2
Throwing       | |  0.1
Hexes          | |  0.1

Action                   |  1- 3 |  4- 6 |  7- 9 | 10-12 || total
-------------------------+-------+-------+-------+-------++-------
Melee: Whip              |    54 |    31 |    18 |       ||   103
       Tailslap          |     5 |     2 |     3 |       ||    10
       Punch             |     1 |       |       |       ||     1
       Arbalest          |       |       |     3 |     1 ||     4
 Fire: Arbalest          |       |       |    62 |   140 ||   202
Throw: Throwing net      |       |       |     1 |     1 ||     2
 Cast: Foxfire           |    54 |    59 |       |       ||   113
       Scorch            |    15 |    23 |   125 |    94 ||   257
       Flame Wave        |       |       |     4 |       ||     4
       Confusing Touch   |       |       |       |     1 ||     1
Evoke: Wand              |       |       |     9 |    11 ||    20
  Use: Potion            |     1 |       |     3 |     4 ||     8
       Scroll            |     3 |     2 |    16 |    13 ||    34
 Stab: Sleeping          |     1 |       |       |       ||     1
Armor: Robe              |     8 |       |       |       ||     8
       Leather armour    |     8 |     4 |    14 |       ||    26
       Steam dragon scal |       |       |    11 |    23 ||    34
       Chain mail        |       |       |       |    29 ||    29
Dodge: Dodged            |    53 |    39 |   100 |   172 ||   364
